 Dungeon Crawl Stone Soup version 0.27-a0-1140-g099f9bb0e8 (webtiles) character file.

Game seed: 6834639755679177975

30 freelancePsychic the Sneak (level 3, -2/20 HPs)
             Began as a Vine Stalker Delver on May 9, 2021.
             Slain by a wight
             ... wielding a +4 hand axe
              (8 damage)
             ... on level 5 of the Dungeon.
             The game lasted 00:00:54 (84 turns).

freelancePsychic the Sneak (Vine Stalker Delver)      Turns: 84, Time: 00:00:55

Health: -2/20      AC:  3    Str: 15    XL:     3   Next: 18%
Magic:  0/4        EV: 11    Int: 10    God:
Gold:   0          SH:  0    Dex: 15    Spells: 2/2 levels left

rFire    . . .     SeeInvis .   a - +0 short sword
rCold    . . .     Faith    .   (no shield)
rNeg     . . .     Spirit   +   b - +0 leather armour
rPois    .         Reflect  .   (no helmet)
rElec    .         Harm     .   (no cloak)
rCorr    .         Rampage  .   (no gloves)
Will     .....                  (no boots)
Stlth    +++.......             (no amulet)
HPRegen  0.06/turn              (no ring)
MPRegen  0.09/turn              (no ring)

@: no status effects
A: fangs 2, magic shield, antimagic bite, no potion heal 2
a: no special abilities


You were on level 5 of the Dungeon.
You visited 1 branch of the dungeon, and saw 2 of its levels.

Inventory:

Hand Weapons
 a - a +0 short sword (weapon)
Armour
 b - a +0 leather armour (worn)
Wands
 g - a wand of digging (3)
Scrolls
 c - a scroll of fog
 d - a scroll of magic mapping
Potions
 f - a potion of haste {@q3}
 h - a potion of heal wounds {unknown}


   Skills:
 + Level 3.3 Fighting
 + Level 2.5 Short Blades
 - Level 1.5 Dodging
 - Level 6.0 Stealth


You had 2 spell levels left.
You didn't know any spells.
Your spell library was empty.

Dungeon Overview and Level Annotations

Branches:
Dungeon (6/15)
 Temple: D:4-7

Altars:
Ru


Innate Abilities, Weirdness & Mutations

You have extremely sharp teeth.
When hurt, damage is shared between your health and your magic reserves.
Your bite disrupts and absorbs the magic of your enemies.
Potions cannot restore your health.


Message History

You kill the orc priest!
The orc shouts! x2
Your Fighting skill increases to level 3!
Your Short Blades skill increases to level 2!
You have reached level 2!
You have reached level 3!
Your experience leads to an increase in your attributes!
Increase (S)trength, (I)ntelligence, or (D)exterity?
You feel stronger.
A bullfrog zombie comes into view.
There is a stone staircase leading up here.
The orc hits you with a +0 mace.
You climb upwards.
There is a stone staircase leading down here.
Found a sacrificial altar of Ru.
Found a mace.
There is a sacrificial altar of Ru here.
A wight comes into view. It is wielding a +4 hand axe.
An orc comes into view. It is wielding a +0 hand axe.
The orc hits you with a +0 mace!
* * * LOW HITPOINT WARNING * * *
Found a fuming blue potion.
An orc and 2 wights come into view.
The orc completely misses you. The orc completely misses you.
As you read the scroll of fear, it crumbles to dust.
You assume a fearsome visage.
The wight is unaffected.
The wight is unaffected.
The orc looks frightened!
The wight barely misses you.
You open the door. The wight barely misses you.
There is an open door here.
A hound skeleton comes into view.
An orc comes into view. It is wielding a +0 flail.
The orc closely misses you.
Found 14 gold pieces.
Found a stone staircase leading up.
Found a stone staircase leading down.
The wight hits you with a +4 hand axe!
You die...

##.......##.
#............
#........####
#........## .
##...Z....#
...##........#
........oz....#
...>.....z(...#
......$..@....#
..............#
..............#
..............#
..............#
.............#
............#
............#


You could see 2 wights, an orc and a hound skeleton.

Vanquished Creatures
  An orc priest (D:6)
1 creature vanquished.

Vanquished Creatures (others)
  2 plants (D:5)
2 creatures vanquished.

Grand Total: 3 creatures vanquished

Notes
Turn   | Place    | Note
-------+----------+-------------------------------------------
     0 | D:5      | freelancePsychic the Vine Stalker Delver began the quest
                  | for the Orb.
     0 | D:5      | Reached XP level 1. HP: 11/11 MP: 2/2
    21 | D:5      | Noticed an orc priest
    27 | D:5      | You fall into a shaft and drop 1 floor!
    28 | D:6      | Noticed an orc priest
    29 | D:6      | Killed an orc priest
    30 | D:6      | Reached XP level 2. HP: 8/16 MP: 1/3
    30 | D:6      | Reached XP level 3. HP: 10/20 MP: 1/4
    38 | D:5      | Found a sacrificial altar of Ru.
    84 | D:5      | Slain by a wight

Illustrated notes

Levels and vault maps discovered:
D:5:      layout_gridville, tgw_trog, overflow_temple_1_default,
          serial_bayou_pond_b
D:6:      layout_basic, amcnicky_altar_gilded, kennysheep_mini,
          kennysheep_orc_sif_temple, gammafunk_temple_overflow_statue,
          temple_fountains, enter_ossuary_2, lightli_sewer_entry_pipes,
          uniq_prince_ribbit1

Skill      XL: |  1 |
---------------+----+-----
Fighting       | 3 |  3.3
Short Blades   | 2 |  2.5
Dodging        | |  1.5
Stealth        | |  6.0

Action                   || total
-------------------------++-------
Melee: Short sword       ||     1
  Use: Scroll            ||     1
 Stab: Sleeping          ||     1
Dodge: Dodged            ||     5

Table legend: (Time is in decaauts)
 A = Elapsed time spent in this place.
 B = Non-inter-level travel time spent in this place.
 C = Inter-level travel time spent in this place.
 D = Time resting spent in this place.
 E = Time spent auto-exploring this place.
 F = Levels seen in this place.
 G = Mean time per level.
                   A        B        C        D        E       F      G
               +--------+--------+--------+--------+--------+-----+--------+
         Total |     84 |     84 |      0 |      0 |      9 |   2 |   42.0 |
       Dungeon |     84 |     84 |      0 |      0 |      9 |   2 |   42.0 |
               +--------+--------+--------+--------+--------+-----+--------+

Top non-repeatable levels by time:
     D:5: 77 daAuts
     D:6: 6 daAuts
